 Dungeon Crawl Stone Soup version 0.22.1-2-g9c5b331 (webtiles) character file.

5515 Larett the Severer (level 10, -2/132 HPs)
             Began as a Minotaur Berserker on Nov 16, 2018.
             Was a High Priest of Trog.
             Slain by a yak (3 damage)
             ... on level 1 of the Lair of Beasts on Nov 17, 2018.
             The game lasted 00:22:13 (8854 turns).

Larett the Severer (Minotaur Berserker)             Turns: 8854, Time: 00:22:14

Health: -2/132     AC:  5    Str: 27    XL:     10   Next: 43%
Magic:  0/9        EV: 12    Int:  4    God:    Trog [*****.]
Gold:   754        SH:  0    Dex: 13    Spells: 9/9 levels left

rFire    . . .     SeeInvis .   a - +3 war axe (elec)
rCold    + . .     Gourm    +   (no shield)
rNeg     . . .     Faith    .   S - +2 leather armour {rPois}
rPois    +         Spirit   +   X - +0 hat
rElec    .         Reflect  .   L - scarf {Spirit}
rCorr    .         Harm     .   (no gloves)
MR       +....                  (no boots)
Stlth    ..........             G - amulet of the gourmand
HPRegen  0.32/turn              m - ring of protection from magic
MPRegen  0.11/turn              c - ring of protection from cold

@: berserking, studying Staves, very quick
A: retaliatory headbutt, horns 2
a: Berserk, Trog's Hand, Brothers in Arms, Renounce Religion


You were on level 1 of the Lair of Beasts.
You worshipped Trog.
Trog was extremely pleased with you.
You were very full.

You visited 2 branches of the dungeon, and saw 10 of its levels.

You collected 754 gold pieces.

Inventory:

Hand Weapons
 a - a +3 war axe of electrocution (weapon)
 b - a +0 shortbow
 h - a +0 hand axe
 K - a +0 hand axe of flaming
Missiles
 k - 74 sling bullets
 J - 178 stones
 P - 86 arrows
 V - 22 tomahawks (quivered)
 Y - 57 bolts
 Z - a throwing net {!f}
Armour
 L - a scarf of spirit shield (worn)
 S - a +2 leather armour of poison resistance (worn)
 X - a +0 hat (worn)
Jewellery
 c - a ring of protection from cold (right hand)
 g - an uncursed ring of resist corrosion
 l - an uncursed ring of flight
 m - a ring of protection from magic (left hand)
 G - an amulet of the gourmand (around neck)
Wands
 C - a wand of disintegration (8)
 N - a wand of polymorph (16)
Scrolls
 E - a scroll of noise {unknown}
 O - 4 scrolls of remove curse
 R - a scroll of identify
 T - a scroll of teleportation
 U - a scroll of enchant armour
 W - a scroll of immolation {!r}
Potions
 n - 2 potions of might
 B - a potion of curing {unknown}
 H - 3 potions of flight {unknown}
 I - a potion of mutation {unknown}
 M - a potion of haste {unknown}
 Q - 3 potions of heal wounds
Books
 A - a manual of Staves {!d}
Comestibles
 D - 19 chunks of flesh
 F - 17 rations


   Skills:
 + Level 7.7 Fighting
 - Level 16.0 Axes
 + Level 5.5 Staves
 - Level 2.4 Armour
 - Level 2.1 Dodging
 - Level 1.1 Stealth


You had 9 spell levels left.
You didn't know any spells.
Your spell library contained the following spells:

 Spells                   Type           Power        Failure   Level  Hunger
 Sandblast                Erth           #.....       54%         1    ##.....
 Passwall                 Tmut/Erth      #.......     67%         2    ###....
 Stone Arrow              Conj/Erth      #.....       88%         3    ####...
 Petrify                  Tmut/Erth      #.......     99%         4    #####..
 Lee's Rapid Deconstruct  Erth           #.........   100%        5    ######.


Dungeon Overview and Level Annotations

Branches:
Dungeon (9/15)             Temple (0/1) D:7            Lair (1/6) D:9
    Orc: D:9-12

Altars:
Okawaru
Yredelemnul
The Shining One

Shops:
D:6 }   D:8 [


Innate Abilities, Weirdness & Mutations

You reflexively headbutt those who attack you in melee.
You have a pair of horns on your head.


Message History

You kill the yak!
Trog accepts your kill.
You hit the komodo dragon.
Lightning courses through the komodo dragon!
The yak gores you! The komodo dragon bites you. The yak gores you!
You slash the yak!
The yak is lightly wounded.
You hit the yak. Lightning courses through the yak! You hit the komodo dragon.
The yak gores you!
* * * LOW HITPOINT WARNING * * *
The komodo dragon bites you!!
* * * LOW HITPOINT WARNING * * *
The yak gores you but does no damage.
A red film seems to cover your vision as you go berserk!
You feel yourself moving faster!
You feel mighty! The yak gores you!
* * * LOW HITPOINT WARNING * * *
The komodo dragon bites you.
* * * LOW HITPOINT WARNING * * *
The yak gores you.
You die...

...#####...#........
...#P.......................
♣Y...P....................#.
≈≈≈≈≈≈≈.(...................
≈P≈≈P≈P.....................
≈≈≈≈≈≈P.....................
P≈≈P≈≈≈...Yl..............#.
≈≈PP≈P)...Y@..#.##P.......#.
≈≈≈P≈....###...≈≈≈#.P....##.
≈≈≈≈≈≈...# #..#≈§§#.........
≈≈P≈≈≈...# #..#§§§#.........
≈P≈P≈≈P..###..#≈§≈#.........
≈≈≈≈≈≈≈....#..#P..#.P.##....
≈≈≈≈P≈P.............####.#.#
♣##≈≈##..##.P#.....#...§....
####...# ####......≈≈§≈...


You could see a komodo dragon and 2 yaks.

Vanquished Creatures
  Prince Ribbit (D:5)
  2 hippogriffs
  12 yaks (Lair:1)
  Menkaure (D:7)
  A water moccasin (D:8)
  4 ice beasts
  4 orc warriors
  A necrophage (D:8)
  A black bear (D:5)
  A phantom (D:7)
  2 sky beasts
  3 ogres
  A centaur (D:7)
  2 bullfrogs (D:7)
  A water moccasin zombie (D:5)
  A scorpion (D:6)
  2 howler monkeys (D:5)
  A bullfrog zombie (D:5)
  A crimson imp (D:6)
  3 hounds
  2 bullfrog skeletons
  6 orc priests
  13 orc wizards
  2 iguanas (D:6)
  5 worker ants
  A worker ant zombie (D:5)
  5 adders
  4 gnolls (D:5)
  2 shadow imps
  An ooze (D:7)
  An adder zombie (D:9)
  3 adder skeletons
  4 worms
  A dart slug (D:5)
  3 leopard geckos
  37 orcs
  A ball python (D:1)
  3 bats
  3 giant cockroaches
  6 goblins
  10 hobgoblins
  10 jackals
  5 kobolds
  3 quokkas
  6 frilled lizards
  2 jackal skeletons
  A quokka skeleton (D:5)
  A quokka zombie (D:5)
  3 rats
  A plant (Lair:1)
190 creatures vanquished.

Notes
Turn   | Place    | Note
-------+----------+-------------------------------------------
     0 | D:1      | Larett the Minotaur Berserker began the quest for the Orb.
     0 | D:1      | Reached XP level 1. HP: 19/19 MP: 0/0
   189 | D:1      | Reached skill level 4 in Axes
   212 | D:1      | Reached XP level 2. HP: 9/26 MP: 1/1
   782 | D:1      | Reached skill level 5 in Axes
  1115 | D:2      | Reached XP level 3. HP: 18/31 MP: 0/2
  1790 | D:3      | Reached ** piety under Trog
  1847 | D:3      | Reached skill level 6 in Axes
  1847 | D:3      | Reached XP level 4. HP: 37/39 MP: 3/3
  2487 | D:4      | Reached XP level 5. HP: 45/45 MP: 4/4
  2494 | D:4      | Reached skill level 7 in Axes
  2655 | D:4      | Reached *** piety under Trog
  2655 | D:4      | Reached skill level 8 in Axes
  2655 | D:4      | Reached XP level 6. HP: 27/51 MP: 3/5
  3159 | D:4      | Found an iron altar of Okawaru.
  3362 | D:5      | Entered Level 5 of the Dungeon
  3362 | D:5      | Noticed an ice beast
  3366 | D:5      | Killed an ice beast
  3366 | D:5      | Reached skill level 9 in Axes
  3406 | D:5      | Reached XP level 7. HP: 55/57 MP: 4/6
  3533 | D:5      | Reached skill level 10 in Axes
  3891 | D:5      | Reached skill level 11 in Axes
  3892 | D:5      | Noticed Prince Ribbit
  3903 | D:5      | Killed Prince Ribbit
  3903 | D:5      | Reached XP level 8. HP: 37/64 MP: 4/7
  4636 | D:5      | Reached skill level 12 in Axes
  4864 | D:6      | Reached **** piety under Trog
  5137 | D:6      | Found Doqer's Gadget Shoppe.
  5243 | D:6      | Reached skill level 13 in Axes
  5505 | D:6      | Found a basalt altar of Yredelemnul.
  5831 | D:7      | Noticed a hippogriff
  6034 | D:7      | Killed a hippogriff
  6034 | D:7      | Reached skill level 14 in Axes
  6034 | D:7      | Reached XP level 9. HP: 63/70 MP: 6/8
  6055 | D:7      | Found an iron altar of Okawaru.
  6404 | D:7      | Noticed Menkaure
  6414 | D:7      | HP: 10/70 [Menkaure (15)]
  6415 | D:7      | Killed Menkaure
  6739 | D:7      | Found a staircase to the Ecumenical Temple.
  7044 | D:8      | Reached skill level 15 in Axes
  7282 | D:8      | Found Weda's Armour Emporium.
  7595 | D:8      | Reached skill level 16 in Axes
  8217 | D:9      | Reached skill level 1 in Stealth
  8259 | D:9      | Found a glowing golden altar of the Shining One.
  8304 | D:9      | Reached ***** piety under Trog
  8390 | D:9      | Found a staircase to the Lair.
  8393 | Lair:1   | Entered Level 1 of the Lair of Beasts
  8457 | Lair:1   | Reached XP level 10. HP: 66/80 MP: 7/9
  8464 | Lair:1   | Reached skill level 6 in Fighting
  8609 | Lair:1   | Identified a scroll of acquirement
  8658 | Lair:1   | Reached skill level 1 in Staves
  8669 | Lair:1   | Reached skill level 3 in Staves
  8853 | Lair:1   | HP: 6/88 [komodo dragon (17)]
  8854 | Lair:1   | HP: 1/132 [komodo dragon (2)]
  8854 | Lair:1   | Slain by a yak

Skill      XL: |  1  2  3  4  5  6  7  8  9 10 |
---------------+-------------------------------+-----
Axes           | 4 5 6 8 9 11 14 16 | 16.0
Fighting       | 4 7 |  7.7
Stealth        | 1 |  1.1
Staves         | 5 |  5.5
Armour         | |  2.4
Dodging        | |  2.1

Action                   |  1- 3 |  4- 6 |  7- 9 | 10-12 || total
-------------------------+-------+-------+-------+-------++-------
Melee: Hand axe          |    38 |       |       |       ||    38
       Headbutt          |    12 |     7 |    37 |     9 ||    65
       Short sword       |    36 |    13 |       |       ||    49
       War axe           |       |    60 |   211 |    30 ||   301
 Fire: Shortbow          |       |       |    68 |    10 ||    78
Throw: Tomahawk          |       |     3 |       |       ||     3
Invok: Trog's Hand       |       |       |     3 |       ||     3
       Berserk           |       |       |     1 |     1 ||     2
 Abil: Evoke Flight      |       |       |     1 |       ||     1
  Use: Scroll            |    10 |     1 |     5 |     2 ||    18
       Potion            |       |     3 |       |       ||     3
  Eat: Chunk             |     3 |     5 |    26 |     1 ||    35
Armor: Animal skin       |     5 |       |       |       ||     5
       Ring mail         |    13 |     4 |       |       ||    17
       Leather armour    |       |    12 |    47 |     4 ||    63
Dodge: Dodged            |    51 |    38 |    93 |     7 ||   189
